[ AOE2 MATCH · #507195183 ]
UnrankedBengalis vs Tupi
Player's team · WIN
Rival team · LOSS
[ REPLAY ANALYSIS · EXTRACTED FROM THE RECORDED GAME ]
Feudal
10:30
Castle
24:47
Imperial
40:35
| APM avg | 58.2 |
| APM peak | 85 |
| eAPM avg | 24.8 |
| Villagers / military | 121 / 101 |
Focus
⚔️ 47.0% · 🌾 53.0%
Scout Cavalry ×58 · Elephant Archer ×40 · Monk ×3
Feudal
11:24
Castle
21:16
Imperial
—
| APM avg | 92.8 |
| APM peak | 138 |
| eAPM avg | 47.4 |
| Villagers / military | 165 / 74 |
Focus
⚔️ 44.9% · 🌾 55.1%
Skirmisher ×41 · Spearman ×33 · Unknown (2550) ×24
Match map
Initial resources + every placement click. Lines = walls · curves = elevation contours. ◆ gold · ⬟ stone · ● berries · ✦ relic · ◌ wall gap
Your base· Open — 1t gap
droginho's base· Open — 5t gap
Smoothed initial terrain · ◌ = detected wall gap · hover for details
Inputs per minute
— snowshawnskate - - droginho
Build order — snowshawnskate
First 150 of 414 actions detected
| 0:00 | Create | Villager (Male) |
| 0:01 | Create | Villager (Male) |
| 0:02 | Build | House |
| 0:04 | Build | House |
| 0:09 | Create | Villager (Male) |
| 0:19 | Create | Villager (Male) |
| 1:27 | Create | Villager (Male) |
| 1:51 | Build | Lumber Camp |
| 1:58 | Create | Villager (Male) |
| 2:18 | Create | Villager (Male) |
| 2:53 | Create | Villager (Male) |
| 2:57 | Create | Villager (Male) |
| 3:36 | Create | Villager (Male) |
| 3:50 | Create | Villager (Male) |
| 4:12 | Build | Palisade Wall |
| 4:13 | Build | Palisade Wall |
| 4:14 | Build | Palisade Wall |
| 4:17 | Build | Palisade Wall |
| 4:24 | Research | Loom |
| 4:28 | Build | House |
| 4:43 | Create | Villager (Male) |
| 4:49 | Build | House |
| 4:51 | Create | Villager (Male) |
| 5:07 | Create | Villager (Male) |
| 5:27 | Build | Palisade Wall |
| 5:37 | Build | Palisade Wall |
| 5:40 | Create | Villager (Male) |
| 5:51 | Build | House |
| 5:52 | Create | Villager (Male) |
| 6:27 | Create | Villager (Male) |
| 6:40 | Build | Palisade Wall |
| 6:45 | Create | Villager (Male) |
| 6:59 | Create | Villager (Male) |
| 7:13 | Build | House |
| 7:15 | Build | House |
| 7:18 | Build | House |
| 7:31 | Build | Mill |
| 8:18 | Research | Feudal Age |
| 8:37 | Build | Barracks |
| 9:37 | Build | Palisade Wall |
| 10:11 | Build | House |
| 10:30 | Age | Feudal Age |
| 10:32 | Create | Villager (Male) |
| 10:33 | Build | Stable |
| 10:38 | Research | Double-Bit Axe |
| 10:39 | Research | Horse Collar |
| 11:03 | Create | Scout Cavalry |
| 11:03 | Create | Scout Cavalry |
| 11:06 | Create | Villager (Male) |
| 11:08 | Build | Farm |
| 11:14 | Build | Farm |
| 11:36 | Create | Scout Cavalry |
| 11:37 | Create | Villager (Male) |
| 11:41 | Create | Villager (Male) |
| 11:52 | Build | Farm |
| 11:57 | Create | Villager (Male) |
| 12:00 | Build | Farm |
| 12:00 | Build | Farm |
| 12:04 | Build | Farm |
| 12:13 | Build | Farm |
| 12:19 | Build | Farm |
| 12:32 | Build | Farm |
| 12:37 | Create | Scout Cavalry |
| 12:49 | Build | Palisade Wall |
| 12:51 | Build | Palisade Wall |
| 12:53 | Build | House |
| 12:55 | Build | Palisade Wall |
| 13:01 | Create | Villager (Male) |
| 13:10 | Build | Palisade Wall |
| 13:12 | Create | Villager (Male) |
| 13:14 | Build | Farm |
| 13:15 | Build | Farm |
| 13:17 | Build | Farm |
| 13:32 | Build | Farm |
| 13:38 | Create | Scout Cavalry |
| 13:41 | Build | Farm |
| 13:52 | Build | House |
| 13:56 | Create | Villager (Male) |
| 14:16 | Create | Villager (Male) |
| 14:26 | Create | Villager (Male) |
| 14:32 | Create | Scout Cavalry |
| 14:35 | Build | Blacksmith |
| 14:39 | Build | Farm |
| 14:56 | Build | Farm |
| 15:09 | Create | Villager (Male) |
| 15:13 | Build | Farm |
| 15:16 | Create | Scout Cavalry |
| 15:22 | Build | Farm |
| 15:34 | Research | Forging |
| 15:55 | Create | Villager (Male) |
| 15:58 | Build | Mining Camp |
| 16:09 | Create | Scout Cavalry |
| 16:21 | Create | Villager (Male) |
| 16:22 | Create | Scout Cavalry |
| 16:32 | Build | Stable |
| 16:35 | Build | Palisade Wall |
| 16:41 | Create | Villager (Male) |
| 16:53 | Research | Scale Barding Armor |
| 16:55 | Build | House |
| 16:57 | Build | Palisade Wall |
| 17:01 | Create | Scout Cavalry |
| 17:02 | Create | Villager (Male) |
| 17:06 | Build | House |
| 17:08 | Build | Palisade Wall |
| 17:11 | Create | Villager (Male) |
| 17:19 | Build | Farm |
| 17:24 | Create | Scout Cavalry |
| 17:51 | Create | Villager (Male) |
| 17:52 | Create | Scout Cavalry |
| 17:54 | Build | Palisade Wall |
| 17:55 | Build | Farm |
| 17:59 | Create | Scout Cavalry |
| 17:59 | Create | Scout Cavalry |
| 18:05 | Create | Villager (Male) |
| 18:07 | Build | Lumber Camp |
| 18:19 | Build | House |
| 18:36 | Research | Wheelbarrow |
| 18:48 | Create | Villager (Male) |
| 18:56 | Create | Villager (Male) |
| 18:59 | Build | Farm |
| 19:05 | Build | House |
| 19:08 | Create | Scout Cavalry |
| 19:15 | Create | Villager (Male) |
| 19:17 | Build | Farm |
| 19:29 | Create | Scout Cavalry |
| 19:35 | Research | Bloodlines |
| 19:41 | Build | House |
| 19:47 | Create | Villager (Male) |
| 20:14 | Build | House |
| 20:15 | Create | Scout Cavalry |
| 20:15 | Create | Scout Cavalry |
| 20:27 | Create | Villager (Male) |
| 20:32 | Build | Mill |
| 20:32 | Build | Farm |
| 20:32 | Build | Farm |
| 20:33 | Build | Farm |
| 20:33 | Build | Farm |
| 20:33 | Build | Farm |
| 20:33 | Build | Farm |
| 20:34 | Build | Farm |
| 20:41 | Create | Villager (Male) |
| 20:54 | Create | Villager (Male) |
| 20:56 | Create | Scout Cavalry |
| 20:56 | Create | Scout Cavalry |
| 20:57 | Create | Scout Cavalry |
| 21:00 | Build | Farm |
| 21:14 | Create | Villager (Male) |
| 21:15 | Create | Scout Cavalry |
| 21:30 | Build | Farm |
| 22:07 | Research | Castle Age |
Build order — droginho
First 150 of 424 actions detected
| 0:00 | Create | Villager (Male) |
| 0:01 | Create | Villager (Male) |
| 0:02 | Build | Barracks |
| 0:03 | Build | House |
| 0:04 | Build | House |
| 0:22 | Research | Loom |
| 0:33 | Create | Villager (Male) |
| 0:44 | Create | Unit 2550 |
| 0:44 | Create | Unit 2550 |
| 1:17 | Create | Villager (Male) |
| 1:44 | Create | Villager (Male) |
| 2:11 | Create | Villager (Male) |
| 2:37 | Create | Villager (Male) |
| 3:02 | Create | Villager (Male) |
| 3:30 | Create | Villager (Male) |
| 3:40 | Build | House |
| 4:17 | Create | Unit 2550 |
| 4:35 | Create | Villager (Male) |
| 4:35 | Create | Villager (Male) |
| 4:48 | Create | Villager (Male) |
| 4:48 | Create | Villager (Male) |
| 5:06 | Create | Villager (Male) |
| 5:06 | Create | Villager (Male) |
| 5:07 | Build | House |
| 5:32 | Build | House |
| 5:38 | Create | Villager (Male) |
| 6:01 | Create | Villager (Male) |
| 6:01 | Create | Villager (Male) |
| 6:29 | Create | Villager (Male) |
| 6:30 | Create | Villager (Male) |
| 6:44 | Create | Villager (Male) |
| 6:59 | Create | Villager (Male) |
| 6:59 | Create | Villager (Male) |
| 7:17 | Create | Villager (Male) |
| 7:17 | Create | Villager (Male) |
| 7:23 | Build | Settlement |
| 7:45 | Build | Settlement |
| 8:20 | Create | Villager (Male) |
| 8:49 | Create | Villager (Male) |
| 9:14 | Research | Feudal Age |
| 9:59 | Build | Settlement |
| 10:35 | Create | Villager (Male) |
| 10:35 | Create | Villager (Male) |
| 10:36 | Create | Villager (Male) |
| 10:37 | Build | Farm |
| 10:38 | Create | Villager (Male) |
| 11:09 | Create | Villager (Male) |
| 11:10 | Build | Farm |
| 11:24 | Age | Feudal Age |
| 11:43 | Create | Spearman |
| 12:06 | Create | Villager (Male) |
| 12:11 | Build | Farm |
| 12:19 | Create | Spearman |
| 12:22 | Create | Villager (Male) |
| 12:23 | Build | Archery Range |
| 12:26 | Build | Settlement |
| 12:38 | Create | Spearman |
| 12:40 | Build | Palisade Wall |
| 12:41 | Build | Palisade Wall |
| 12:47 | Build | Farm |
| 13:10 | Create | Villager (Male) |
| 13:10 | Create | Villager (Male) |
| 13:11 | Create | Villager (Male) |
| 13:12 | Build | Farm |
| 13:14 | Build | Farm |
| 13:34 | Build | Market |
| 13:45 | Create | Villager (Male) |
| 13:50 | Build | Farm |
| 13:52 | Create | Villager (Male) |
| 13:57 | Build | Palisade Wall |
| 14:05 | Build | House |
| 14:07 | Build | Palisade Wall |
| 14:08 | Build | Palisade Wall |
| 14:18 | Create | Villager (Male) |
| 14:28 | Build | Farm |
| 14:40 | Create | Villager (Male) |
| 14:44 | Create | Villager (Male) |
| 14:49 | Build | Farm |
| 15:15 | Create | Villager (Male) |
| 15:16 | Create | Villager (Male) |
| 15:19 | Create | Villager (Male) |
| 15:19 | Create | Villager (Male) |
| 16:25 | Create | Spearman |
| 16:29 | Build | Blacksmith |
| 16:40 | Create | Spearman |
| 16:59 | Create | Villager (Male) |
| 17:00 | Build | House |
| 17:05 | Build | Palisade Wall |
| 17:09 | Build | Palisade Wall |
| 17:17 | Create | Spearman |
| 17:20 | Build | House |
| 17:54 | Build | Farm |
| 17:55 | Build | Farm |
| 18:09 | Build | Settlement |
| 18:11 | Create | Villager (Male) |
| 18:36 | Research | Castle Age |
| 19:14 | Research | Double-Bit Axe |
| 19:38 | Build | Palisade Wall |
| 19:47 | Research | Horse Collar |
| 19:47 | Research | Horse Collar |
| 19:48 | Research | Scale Mail Armor |
| 20:05 | Create | Villager (Male) |
| 20:26 | Build | Palisade Wall |
| 20:33 | Build | Farm |
| 20:34 | Build | Farm |
| 20:54 | Create | Villager (Male) |
| 20:59 | Build | Palisade Wall |
| 21:01 | Build | House |
| 21:05 | Create | Villager (Male) |
| 21:16 | Age | Castle Age |
| 21:17 | Create | Villager (Male) |
| 21:18 | Create | Villager (Male) |
| 21:26 | Research | Forging |
| 21:29 | Build | Farm |
| 21:39 | Create | Villager (Male) |
| 21:48 | Create | Villager (Male) |
| 21:49 | Create | Villager (Male) |
| 22:03 | Build | Town Center |
| 22:19 | Create | Spearman |
| 22:25 | Build | Palisade Wall |
| 22:28 | Create | Spearman |
| 22:31 | Build | Palisade Wall |
| 22:32 | Build | House |
| 22:35 | Create | Spearman |
| 22:36 | Create | Spearman |
| 22:43 | Create | Villager (Male) |
| 22:43 | Create | Villager (Male) |
| 22:46 | Create | Spearman |
| 22:48 | Build | Palisade Wall |
| 22:49 | Build | Palisade Wall |
| 22:49 | Build | Palisade Wall |
| 22:51 | Build | Palisade Wall |
| 22:52 | Build | Palisade Wall |
| 22:53 | Build | Palisade Wall |
| 22:56 | Build | Palisade Wall |
| 22:58 | Build | Palisade Wall |
| 23:09 | Create | Villager (Male) |
| 23:30 | Create | Villager (Male) |
| 23:31 | Create | Villager (Male) |
| 23:43 | Build | Farm |
| 23:46 | Build | Farm |
| 23:47 | Build | Farm |
| 23:49 | Build | Farm |
| 23:52 | Build | Farm |
| 23:53 | Build | Farm |
| 24:05 | Build | Farm |
| 24:09 | Create | Villager (Male) |
| 24:09 | Create | Villager (Male) |
| 24:10 | Build | Farm |
| 24:19 | Create | Spearman |
Match timeline
| 0:02 | droginho · first_building Barracks |
| 4:12 | snowshawnskate · wall_segment Palisade Wall x1 |
| 4:13 | snowshawnskate · wall_segment Palisade Wall x1 |
| 4:14 | snowshawnskate · wall_segment Palisade Wall x1 |
| 4:17 | snowshawnskate · wall_segment Palisade Wall x1 |
| 5:27 | snowshawnskate · wall_segment Palisade Wall x6 |
| 5:37 | snowshawnskate · wall_segment Palisade Wall x1 |
| 6:40 | snowshawnskate · wall_segment Palisade Wall x3 |
| 8:37 | snowshawnskate · first_building Barracks |
| 9:37 | snowshawnskate · wall_segment Palisade Wall x1 |
| 10:30 | snowshawnskate · age_up feudal |
| 10:33 | snowshawnskate · first_building Stable |
| 11:24 | droginho · age_up feudal |
| 12:23 | droginho · first_building Archery Range |
| 12:40 | droginho · wall_segment Palisade Wall x1 |
| 12:41 | droginho · wall_segment Palisade Wall x1 |
| 12:49 | snowshawnskate · wall_segment Palisade Wall x4 |
| 12:51 | snowshawnskate · wall_segment Palisade Wall x4 |
| 12:55 | snowshawnskate · wall_segment Palisade Wall x1 |
| 13:10 | snowshawnskate · wall_segment Palisade Wall x8 |
| 13:57 | droginho · wall_segment Palisade Wall x4 |
| 14:07 | droginho · wall_segment Palisade Wall x7 |
| 14:08 | droginho · wall_segment Palisade Wall x1 |
| 16:35 | snowshawnskate · wall_segment Palisade Wall x1 |
| 16:57 | snowshawnskate · wall_segment Palisade Wall x1 |
| 17:05 | droginho · wall_segment Palisade Wall x3 |
| 17:08 | snowshawnskate · wall_segment Palisade Wall x11 |
| 17:09 | droginho · wall_segment Palisade Wall x1 |
| 17:54 | snowshawnskate · wall_segment Palisade Wall x1 |
| 18:30 | droginho · first_market_sell 100 stone |
| 18:30 | droginho · first_market_buy 100 food |
| 19:38 | droginho · wall_segment Palisade Wall x1 |
| 20:26 | droginho · wall_segment Palisade Wall x1 |
| 20:59 | droginho · wall_segment Palisade Wall x1 |
| 21:16 | droginho · age_up castle |
| 22:25 | droginho · wall_segment Palisade Wall x1 |
| 22:31 | droginho · wall_segment Palisade Wall x1 |
| 22:48 | droginho · wall_segment Palisade Wall x1 |
| 22:49 | droginho · wall_segment Palisade Wall x1 |
| 22:49 | droginho · wall_segment Palisade Wall x1 |
| 22:51 | droginho · wall_segment Palisade Wall x1 |
| 22:52 | droginho · wall_segment Palisade Wall x1 |
| 22:53 | droginho · wall_segment Palisade Wall x1 |
| 22:56 | droginho · wall_segment Palisade Wall x1 |
| 22:58 | droginho · wall_segment Palisade Wall x1 |
| 24:47 | snowshawnskate · age_up castle |
| 25:15 | droginho · wall_segment Palisade Wall x1 |
| 27:04 | droginho · wall_segment Palisade Wall x1 |
| 27:05 | droginho · wall_segment Palisade Wall x1 |
| 27:06 | droginho · wall_segment Palisade Wall x1 |
| 28:31 | droginho · wall_segment Palisade Wall x1 |
| 28:32 | droginho · wall_segment Palisade Wall x1 |
| 28:48 | snowshawnskate · first_building Archery Range |
| 30:38 | droginho · wall_segment Palisade Wall x1 |
| 32:30 | droginho · wall_segment Palisade Wall x1 |
| 32:32 | droginho · wall_segment Palisade Wall x1 |
| 32:36 | droginho · wall_segment Palisade Wall x6 |
| 34:36 | droginho · wall_segment Palisade Wall x3 |
| 35:55 | snowshawnskate · wall_segment Palisade Wall x1 |
| 36:00 | snowshawnskate · wall_segment Palisade Wall x1 |
| 36:45 | snowshawnskate · first_building Monastery |
| 40:35 | snowshawnskate · age_up imperial |
| 40:46 | droginho · resign |
[ AI ANALYSIS · 1 CREDIT ]
What really happened in this match?
Wolo.gg analyzes every decision: build order, eco, micro, common mistakes by bracket. Personalized analysis on WhatsApp or Discord in 30 seconds.
Civ guide
Bengalis
Perfil
snowshawnskate